 Dungeon Crawl Stone Soup version 0.27-a0-522-g46bbb28828 (webtiles) character file.

Game seed: 17086862698607685649

124 Frqise the Sneak (level 4, 0/34 HPs)
             Began as a Vampire Brigand on Mar 5, 2021.
             Was a Plaything of Xom.
             Slain by a jackal (3 damage)
             ... on level 3 of the Dungeon.
             The game lasted 00:05:00 (2008 turns).

Frqise the Sneak (Vampire Brigand)                  Turns: 2008, Time: 00:05:00

Health: 0/34       AC:  4    Str: 10    XL:     4   Next: 81%
Magic:  4/4        EV: 13    Int: 13    God:    Xom [..*...]
Gold:   43         SH:  0    Dex: 16    Spells: 3/3 levels left

rFire    . . .     SeeInvis +   a - +2 dagger
rCold    . . .     Faith    .   (no shield)
rNeg     . . .     Spirit   .   b - +0 robe
rPois    .         Reflect  .   f - +0 helmet
rElec    .         Harm     .   c - +0 cloak
rCorr    .         Rampage  .   (no gloves)
Will     .....                  (no boots)
Stlth    ++++......             (no amulet)
HPRegen  0.31/turn              (no ring)
MPRegen  0.09/turn              (no ring)

@: lethally poisoned (0 -> -1), regenerating quickly
A: fangs 3, see invisible, unbreathing 1
a: Exsanguinate, Renounce Religion


You were on level 3 of the Dungeon.
You worshipped Xom.
You were a toy of Xom.
You visited 1 branch of the dungeon, and saw 3 of its levels.

You collected 43 gold pieces.

Inventory:

Hand Weapons
 a - a +2 dagger (weapon)
Missiles
 d - 8 poisoned darts (quivered)
 e - 2 curare-tipped darts
Armour
 b - a +0 robe (worn)
 c - a +0 cloak (worn)
 f - a +0 helmet (worn)
Scrolls
 g - a scroll of enchant weapon {unknown}
 h - 2 scrolls of noise {unknown}
 k - 2 scrolls of random uselessness {unknown}
 l - 2 scrolls of identify {unknown}
 m - a scroll of immolation {unknown}
Potions
 i - a potion of flight {unknown}
 j - 2 potions of curing {unknown}
 n - a potion of brilliance {unknown}


   Skills:
 + Level 2.4 Fighting
 + Level 3.2 Short Blades
 + Level 1.7 Throwing
 + Level 2.1 Dodging
 + Level 7.6 Stealth


You had 3 spell levels left.
You didn't know any spells.
Your spell library was empty.

Dungeon Overview and Level Annotations

Branches:
Dungeon (3/15)

Altars:
Xom


Innate Abilities, Weirdness & Mutations

Your natural rate of healing is unusually fast.
You have razor-sharp teeth.
You have supernaturally acute eyesight. (SInv)
You can survive without breathing.


Message History

You closely miss the adder.
The adder is severely wounded.
You feel sick. The quokka bites you. The adder bites you.
You closely miss the adder.
The adder is severely wounded.
You feel sick.
The quokka bites you but does no damage.
The adder bites you.
You hit the adder.
You kill the adder!
You feel sick. The quokka bites you.
You hit the quokka.
You kill the quokka!
You feel sick.
You hit the jackal.
The jackal is heavily wounded.
You feel sick. The jackal bites you.
* * * LOW HITPOINT WARNING * * *
You hit the jackal.
You kill the jackal!
You miss the jackal.
You feel sick. The jackal bites you.
* * * LOW HITPOINT WARNING * * *
You hit the jackal.
The jackal is lightly wounded.
The jackal bites you but does no damage.
You hit the jackal but do no damage.
The jackal is lightly wounded.
You feel sick.
The jackal bites you but does no damage.
You barely miss the jackal.
The jackal is lightly wounded.
The jackal barely misses you.
You hit the jackal.
The jackal is moderately wounded.
You feel sick. The jackal misses you. The jackal closely misses you.
You hit the jackal.
The jackal is almost dead.
The jackal bites you.
You die...
Xom yawns loudly!

....#...
#.>#.#######
#...$..$..#
###.......#
#.........#
#.####.####
#. #K# . #h#
#. #@####...
# #<.......
##..##.##
..... ..####
..# ..# #.#
.#


You could see a jackal and a kobold.

Vanquished Creatures
  4 adders
  4 worms (D:2)
  6 dart slugs
  2 leopard geckos (D:1)
  A ball python (D:1)
  2 giant cockroaches (D:1)
  8 hobgoblins
  4 jackals
  A quokka (D:3)
  10 bats
  2 frilled lizards (D:2)
  9 goblins
  6 kobolds
  4 rats
63 creatures vanquished.

Notes
Turn   | Place    | Note
-------+----------+-------------------------------------------
     0 | D:1      | Frqise the Vampire Brigand began the quest for the Orb.
     0 | D:1      | Reached XP level 1. HP: 16/16 MP: 1/1
    34 | D:1      | Reached skill level 6 in Stealth
   119 | D:1      | Reached XP level 2. HP: 22/22 MP: 2/2
   449 | D:1      | Reached XP level 3. HP: 27/27 MP: 3/3
   674 | D:1      | Reached skill level 7 in Stealth
  1179 | D:2      | Found a shimmering altar of Xom.
  1194 | D:2      | Became a worshipper of Xom of Chaos
  1207 | D:2      | Reached XP level 4. HP: 33/33 MP: 4/4
  1265 | D:2      | HP: 1/33 [worm (7)]
  1637 | D:2      | Found a faded altar of an unknown god.
  2008 | D:3      | Slain by a jackal

Illustrated notes

Levels and vault maps discovered:
D:1:      shiori_arrival_maze, layout_loops_corners
D:2:      layout_basic, chequers_ecumenical_altar_twisty, xom_teletrap_fun
D:3:      layout_rooms, elyvilon_altar_5

Skill      XL: |  1  2  3  4 |
---------------+-------------+-----
Stealth        | 6 7 |  7.6
Fighting       | 2 |  2.4
Short Blades   | 3 |  3.2
Dodging        | 2 |  2.1
Throwing       | |  1.7

Action                   |  1- 3 |  4- 6 || total
-------------------------+-------+-------++-------
Melee: Dagger            |   140 |   102 ||   242
       Bite              |     8 |    11 ||    19
 Stab: Sleeping          |     9 |     2 ||    11
Armor: Robe              |    39 |    35 ||    74
Dodge: Dodged            |    89 |    61 ||   150

Table legend: (Time is in decaauts)
 A = Elapsed time spent in this place.
 B = Non-inter-level travel time spent in this place.
 C = Inter-level travel time spent in this place.
 D = Time resting spent in this place.
 E = Time spent auto-exploring this place.
 F = Levels seen in this place.
 G = Mean time per level.
                   A        B        C        D        E       F      G
               +--------+--------+--------+--------+--------+-----+--------+
         Total |   1975 |   1975 |      0 |    131 |   1254 |   3 |  658.3 |
       Dungeon |   1975 |   1975 |      0 |    131 |   1254 |   3 |  658.3 |
               +--------+--------+--------+--------+--------+-----+--------+

Top non-repeatable levels by time:
     D:1: 1025 daAuts
     D:2: 911 daAuts
     D:3: 38 daAuts
